 Dungeon Sprint DCSS version 0.30.1-4-g462c640d31 (webtiles) character file.

Game seed: 17858033540183283128

2 Groucho the Sneak (level 1, -6/9 HPs)
             Began as a Spriggan Enchanter on Aug 10, 2023.
             Killed by nerve-wracking pain
             ... invoked by Jessica
              (12 damage)
             ... in the Dungeon (Sprint III: "The Ten Rune Challenge").
             The game lasted 00:00:45 (235 turns).

Groucho the Sneak (Spriggan Enchanter)               Turns: 235, Time: 00:00:46

Health: -6/9       AC:  2    Str:  4    XL:     1   Next: 25%
Magic:  5/5        EV: 17    Int: 16    God:
Gold:   8          SH:  0    Dex: 15    Spells: 6/6 levels left

rFire   . . .        a - +1 dagger
rCold   . . .        (no shield)
rNeg    . . .        b - +0 robe
rPois   .            (helmet restricted)
rElec   .            (no cloak)
rCorr   .            (gloves unavailable)
SInv    +            (boots unavailable)
Will    .....        (no amulet)
Stlth   +++          (no ring)
HPRegen 0.21/turn    (no ring)
MPRegen 0.09/turn

%: no teleportation
@: invisible, very quick
A: very small, no large weapons, unfitting armour, see invisible, speed 3
a: no special abilities


You were in the Dungeon.
You visited 1 branch You collected 8 gold pieces.

Inventory:

Hand Weapons
 a - a +1 dagger (weapon)
Armour
 b - a +0 robe (worn)
Scrolls
 i - a scroll of blinking
Potions
 c - a potion of invisibility
 e - a potion of heal wounds
 f - a potion of haste
 g - 2 potions of magic
 h - a potion of berserk rage


   Skills:
 - Level 1.1 Short Blades
 - Level 2.6 Dodging
 * Level 5.2 Stealth
 + Level 3.0 Spellcasting
 + Level 3.9 Hexes


You had 6 spell levels left.
You didn't know any spells.
Your spell library contained the following spells:

 Spells                   Type           Power      Damage    Failure   Level
 Confusing Touch          Hex            15%        N/A       11%         3
 Tukima's Dance           Hex            15%        N/A       11%         3
 Ensorcelled Hibernation  Hex/Ice        16%        N/A       12%         2
 Dazzling Flash           Conj/Hex       16%        N/A       24%         3


Dungeon Overview and Level Annotations

Branches:
Dungeon (1/1)

Altars:

Annotations:
D Jessica


Innate Abilities, Weirdness & Mutations

You are very small and have problems with some larger weapons.
You are too small for most types of armour.
You have supernaturally acute eyesight. (SInv)
You cover ground extremely quickly. (Speed+++)


Message History

No target in view!
No target in view!
No target in view!
Unknown command.
Unknown command.
You see here a rat corpse.
There is an open door here.
You see here a rat corpse.
You now have 8 gold pieces.
You start waiting.
Done waiting.
You open the door.
A rat and Jessica come into view.
Jessica is wielding a +0 dagger and carrying a wand of digging (7).
Found 9 gold pieces.
There is an open door here.
You closely miss the rat. The rat misses you.
You hit the rat but do no damage. The rat bites you.
You hit the rat.
You kill the rat!
No target in view!
You start resting.
HP restored.
You start waiting.
Done waiting.
Jessica shouts!
There is an open door here.
Jessica gestures at you while chanting. Pain shoots through your body!
Ouch! That really hurt!
You are too injured to fight recklessly!
You are too injured to fight recklessly!
You feel better. Jessica hits you with a +0 dagger.
You fade into invisibility!
Jessica points at you and mumbles some strange words.
You resist with some effort.
You barely miss Jessica. Jessica casts a spell at you.
Pain shoots through your body!
Ouch! That really hurt!
You die...

▓▓▓▓
▓<.#
▓.÷#
▓#÷####
▓.....#
▓.....#
▓.....#
▓####'#
▓$...@#
▓...@.#
▓.....#
▓+#####


You could see Jessica (unable to see you).

Vanquished Creatures
  3 rats (D)
3 creatures vanquished.

Notes
Turn   | Place    | Note
-------+----------+-------------------------------------------
     0 | D        | Groucho the Spriggan Enchanter began the quest for the Orb.
     0 | D        | Reached XP level 1. HP: 9/9 MP: 5/5
    10 | D        | Reached skill level 5 in Stealth
   121 | D        | Noticed Jessica
   235 | D        | Killed from afar by Jessica

Illustrated notes

Levels and vault maps discovered:
D:        dungeon_sprint_mu [sprint_mu_entry_forest, sprint_mu_temple_rooms,
          sprint_mu_d1_spiders, sprint_mu_d2_genie, sprint_mu_d3_branching,
          sprint_mu_orc_legion, sprint_mu_elf_gauntlet, sprint_mu_hive_nellie,
          sprint_mu_lair_fedhas, sprint_mu_vaults_butterflies,
          sprint_mu_slime_circle, sprint_mu_swamp_cave, sprint_mu_snake_twists,
          sprint_mu_blade_basic, sprint_mu_crypt_lich, sprint_mu_tomb_spiral,
          sprint_mu_vestibule_basic, sprint_mu_gehenna_hellfire,
          sprint_mu_dis_giant, sprint_mu_tartarus_statrot,
          sprint_mu_cocytus_islands, sprint_mu_zot1]

Skill      XL: |  1 |
---------------+----+-----
Stealth        | 5 |  5.2
Spellcasting   | 3 |  3.0
Short Blades   | |  1.1
Dodging        | |  2.6
Hexes          | |  3.9

Action                     || total
---------------------------++-------
  Melee: Dagger            ||    11
    Use: Potion            ||     2
 Armour: Robe              ||     1
  Dodge: Dodged            ||     3
